 Dungeon Crawl Stone Soup version 0.29-a0-582-ge82337ba6a (webtiles) character file.

Game seed: 10939495073739168033

1370 bande the Chopper (level 8, -5/49 HPs)
             Began as a Gargoyle Fighter on June 15, 2022.
             Was a Believer of Okawaru.
             Slain by a steam dragon (7 damage)
             ... on level 6 of the Dungeon.
             The game lasted 00:11:07 (6699 turns).

bande the Chopper (Gargoyle Fighter)                Turns: 6699, Time: 00:11:08

Health: -5/49      AC: 23    Str: 20    XL:     8   Next: 65%
Magic:  10/10      EV:  5    Int:  9    God:    Okawaru [**....]
Gold:   240        SH:  6    Dex: 17    Spells: 7/7 levels left

rFire   . . .      SeeInvis .   a - +0 war axe
rCold   . . .      Faith    .   c - +0 buckler
rNeg    + . .      Spirit   .   e - +0 plate armour
rPois   ∞          Reflect  .   m - +2 helmet
rElec   +          Harm     .   q - +0 cloak
rCorr   .          Rampage  .   (no gloves)
Will    +....                   p - +0 pair of boots
Stlth   ..........              (no amulet)
HPRegen 0.16/turn               b - +6 ring of dexterity
MPRegen 0.12/turn               l - ring of willpower

@: no status effects
A: sickness immunity, AC +5, negative energy resistance 1, electricity
resistance, torment resistance 1, petrification resistance
a: Renounce Religion, Heroism


You were on level 6 of the Dungeon.
You worshipped Okawaru.
Okawaru was pleased with you.
You visited 2 branches of the dungeon, and saw 7 of its levels.

You collected 240 gold pieces.

Inventory:

Hand Weapons
 a - a +0 war axe (weapon)
 r - a +0 mace of draining
 v - a +0 war axe
Armour
 c - a +0 buckler (worn)
 e - a +0 plate armour (worn)
 m - a +2 helmet (worn)
 p - a +0 pair of boots (worn)
 q - a +0 cloak (worn)
Jewellery
 b - a +6 ring of dexterity (left hand)
 l - a ring of willpower (right hand)
 o - a ring of resist corrosion
 u - an amulet of faith
Wands
 t - a wand of flame (12)
Scrolls
 h - 5 scrolls of teleportation
Potions
 d - 5 potions of might
 f - 2 potions of curing
 g - a potion of haste
 i - 3 potions of berserk rage
 j - 2 potions of heal wounds
 k - a potion of flight
 n - a potion of ambrosia {unknown}
 s - a potion of mutation {unknown}
 x - a potion of resistance {unknown}


   Skills:
 + Level 5.0 Fighting
 + Level 6.1 Axes
 + Level 5.7 Armour
 + Level 5.0 Shields
 * Level 3.2 Invocations
 * Level 2.7 Evocations


You had 7 spell levels left.
You didn't know any spells.
Your spell library contained the following spells:

 Spells                   Type           Power      Damage    Failure   Level
 Confusing Touch          Hex            0%         N/A       100%        3
 Yara's Violent Unravell  Hex/Tmut       0%         3d3       100%        5
 Enfeeble                 Hex            0%         N/A       100%        7


Dungeon Overview and Level Annotations

Branches:
Dungeon (6/15)             Temple (1/1) D:4

Altars:
Ashenzari
Cheibriados
Dithmenos
Fedhas
Gozag
Makhleb
Nemelex Xobeh
Okawaru
Qazlal
Ru
Trog
Uskayaw
Vehumet
The Shining One

Shops:
D:4 (


Innate Abilities, Weirdness & Mutations

You are immune to sickness and miasma.
Your stone body is resilient. (AC +5)
You are immune to poison.
You resist negative energy. (rN+)
You are resistant to electric shocks. (rElec)
You are resistant to unholy torment.
You are immune to petrification.


Message History

The centaur hits you but does no damage.
The centaur barely misses you.
The centaur hits you but does no damage.
The centaur kicks you but does no damage.
You slash the centaur!
You kill the centaur!
Okawaru accepts your kill. The steam dragon breathes steam at you.
The ball of steam hits you!
Your Fighting skill increases to level 5!
Your Shields skill increases to level 5!
You are engulfed in a cloud of scalding steam.
The steam dragon bites you but does no damage.
The steam dragon claws you but does no damage.
Things that are here:
a +0 shortbow; a hound corpse You hit the steam dragon.
The steam dragon is lightly wounded.
You are engulfed in a cloud of scalding steam.
You block the steam dragon's attack.
The steam dragon claws you but does no damage.
The steam dragon breathes steam at you. The ball of steam hits you!
An iguana comes into view.
You hit the steam dragon.
The steam dragon is moderately wounded.
You are engulfed in a cloud of scalding steam.
The steam dragon breathes steam at you.
The ball of steam hits you but does no damage.
Unknown command.
You hit the steam dragon but do no damage.
The steam dragon is moderately wounded.
The steam dragon breathes steam at you. The ball of steam misses you.
You closely miss the steam dragon.
The steam dragon is moderately wounded.
You are engulfed in a cloud of scalding steam.
* * * LOW HITPOINT WARNING * * *
The steam dragon bites you!
You die...

.......
....... ###
.(..... #<#
....... #.#
....... #.#
....... #.#
.......####§#
......D@.§§§#
.......######
.......
#.....#
#..l.. ......
#.... .....


You could see a steam dragon (catching breath) and an iguana.

Vanquished Creatures
  Prince Ribbit (D:5)
  An ice beast (D:5)
  A centaur (D:6)
  A phantom (D:4)
  A bullfrog (D:5)
  2 necrophages (D:5)
  3 scorpions
  3 jellies (D:5)
  3 hounds
  Crazy Yiuf (D:3)
  Jessica (D:3)
  Terence (D:3)
  An iguana (D:5)
  Robin (D:3)
  6 adders
  4 gnolls
  A shadow imp (D:5)
  A white imp (D:5)
  An ufetubus (D:4)
  A worm (D:5)
  A dart slug (D:1)
  3 orcs
  4 ball pythons
  6 bats
  3 endoplasms
  6 giant cockroaches
  17 goblins
  9 hobgoblins
  4 jackals (D:1)
  10 kobolds
  5 quokkas
  2 frilled lizards (D:1)
  8 rats
113 creatures vanquished.

Notes
Turn   | Place    | Note
-------+----------+-------------------------------------------
     0 | D:1      | bande the Gargoyle Fighter began the quest for the Orb.
     0 | D:1      | Reached XP level 1. HP: 14/14 MP: 1/1
   183 | D:1      | Reached XP level 2. HP: 19/19 MP: 2/2
   378 | D:1      | Reached skill level 2 in Axes
   569 | D:1      | Reached XP level 3. HP: 13/23 MP: 3/3
  1573 | D:2      | Identified the +1 robe of Yesterday {Harm +Inv Dex-4
                  | Slay-2}
  1708 | D:2      | Reached XP level 4. HP: 29/29 MP: 4/4
  2163 | D:3      | Noticed Robin
  2179 | D:3      | Killed Robin
  2180 | D:3      | Reached skill level 3 in Axes
  2402 | D:3      | Reached XP level 5. HP: 27/33 MP: 5/5
  2461 | D:3      | Noticed Terence
  2479 | D:3      | Killed Terence
  2727 | D:3      | Found a faded altar of an unknown god.
  2913 | D:3      | Noticed Jessica
  2920 | D:3      | Killed Jessica
  2988 | D:3      | Found a runed translucent door.
  2989 | D:3      | Noticed Crazy Yiuf
  3254 | D:3      | Killed Crazy Yiuf
  3419 | D:4      | Noticed a phantom
  3443 | D:4      | Killed a phantom
  3444 | D:4      | Reached skill level 4 in Axes
  3444 | D:4      | Reached XP level 6. HP: 27/38 MP: 6/6
  3779 | D:4      | Found a staircase to the Ecumenical Temple.
  3788 | Temple   | Entered the Ecumenical Temple
  4076 | Temple   | Became a worshipper of Warmaster Okawaru
  4501 | D:4      | Found Gycriass's Antique Weapon Shop.
  4928 | D:5      | Entered Level 5 of the Dungeon
  4979 | D:5      | Reached skill level 1 in Invocations
  4979 | D:5      | Reached skill level 1 in Evocations
  4979 | D:5      | Reached XP level 7. HP: 42/44 MP: 7/7
  5107 | D:5      | Noticed Prince Ribbit
  5110 | D:5      | Reached skill level 5 in Axes
  5175 | D:5      | Killed Prince Ribbit
  5175 | D:5      | Reached * piety under Okawaru
  5176 | D:5      | Reached skill level 5 in Armour
  5910 | D:5      | Reached XP level 8. HP: 44/48 MP: 9/9
  6690 | D:6      | Reached skill level 6 in Axes
  6694 | D:6      | Reached ** piety under Okawaru
  6695 | D:6      | Reached skill level 5 in Fighting
  6695 | D:6      | Reached skill level 5 in Shields
  6699 | D:6      | HP: 2/49 [steam dragon] (13)]
  6699 | D:6      | Slain by a steam dragon

Illustrated notes

Levels and vault maps discovered:
D:1:      erik_arrival_orb_chamber, layout_loops_cross
D:2:      minmay_recursive_quarters, layout_basic, hangedman_decor_push,
          corexii_corridor_pit
D:3:      layout_loops_cross, hellmonk_ecumenical_altar_crossroads,
          minmay_misc_feat_ornament, uniq_robin, uniq_terence,
          uniq_crazy_yiuf_cottage, uniq_jessica
D:4:      layout_layer_cave, lemuel_temple_firewalk_a, serial_shops, shop_statue
D:5:      layout_gridville, kennysheep_generic_room_11, uniq_prince_ribbit1
D:6:      layout_basic, serial_glass, glass_columns_c, glass_columns_a,
          sword_in_stone, uniq_pikel
Temple:   mainiacjoe_temple_trianglar_array

Skill      XL: |  1  2  3  4  5  6  7  8 |
---------------+-------------------------+-----
Axes           | 2 3 4 5 6 |  6.1
Shields        | 4 5 |  5.0
Armour         | 4 5 |  5.7
Fighting       | 4 5 |  5.0
Invocations    | 1 2 3 |  3.2
Evocations     | 1 2 |  2.7

Action                   |  1- 3 |  4- 6 |  7- 9 || total
-------------------------+-------+-------+-------++-------
Melee: War axe           |   131 |   176 |   161 ||   468
  Use: Scroll            |     6 |     8 |       ||    14
Armor: Scale mail        |    56 |       |       ||    56
       Chain mail        |    18 |       |       ||    18
       Plate armour      |    13 |   170 |   112 ||   295
Dodge: Dodged            |    60 |    45 |    38 ||   143
Block: Buckler           |    38 |    52 |    37 ||   127

Table legend: (Time is in decaauts)
 A = Elapsed time spent in this place.
 B = Non-inter-level travel time spent in this place.
 C = Inter-level travel time spent in this place.
 D = Time resting spent in this place.
 E = Time spent auto-exploring this place.
 F = Levels seen in this place.
 G = Mean time per level.
                   A        B        C        D        E       F      G
               +--------+--------+--------+--------+--------+-----+--------+
         Total |   6865 |   6804 |     61 |   1070 |   4419 |   7 |  980.7 |
       Dungeon |   6545 |   6484 |     61 |   1070 |   4140 |   6 | 1090.8 |
        Temple |    319 |    319 |      0 |      0 |    279 |   1 |  319.0 |
               +--------+--------+--------+--------+--------+-----+--------+

Top non-repeatable levels by time:
     D:5: 1794 daAuts
     D:1: 1247 daAuts
     D:4: 1217 daAuts
     D:3: 1145 daAuts
     D:2: 1118 daAuts
  Temple: 319 daAuts
     D:6: 23 daAuts
